 Dungeon Crawl Stone Soup version 0.24-a0-537-g2d01d4ab0a (webtiles) character file.

Game seed: 6156569061283199458

14 Mithandil the Skirmisher (level 2, -3/24 HPs)
             Began as a Demonspawn Abyssal Knight on Aug 14, 2019.
             Was an Initiate of Lugonu.
             Slain by a worm (11 damage)
             ... on level 1 of the Dungeon.
             The game lasted 00:02:48 (117 turns).

Mithandil the Skirmisher (Demonspawn Abyssal Knight) Turns: 117, Time: 00:02:52

Health: -3/24      AC:  4    Str: 12    XL:     2   Next: 31%
Magic:  3/3        EV: 11    Int: 13    God:    Lugonu [......]
Gold:   0          SH:  0    Dex: 12    Spells: 1/1 levels left

rFire    . . .     SeeInvis .   a - +1 falchion
rCold    . . .     Gourm    .   (no shield)
rNeg     . . .     Faith    .   b - +0 leather armour
rPois    .         Spirit   .   (no helmet)
rElec    .         Reflect  .   (no cloak)
rCorr    .         Harm     .   (no gloves)
MR       .....                  (no boots)
Stlth    +.........             f - amulet of the acrobat
HPRegen  0.08/turn              (no ring)
MPRegen  0.08/turn              (no ring)

@: no status effects
A: rugged brown scales 1
a: Renounce Religion


You were on level 1 of the Dungeon.
You worshipped Lugonu.
Lugonu was noncommittal.
You were not hungry.

You visited 1 branch of the dungeon, and saw 1 of its levels.
You visited the Abyss 1 time.

Inventory:

Hand Weapons
 a - a +1 falchion (weapon)
 e - a +0 flail
Missiles
 d - 8 curare-tipped darts (quivered)
 g - 26 stones
 h - 2 datura-tipped darts
Armour
 b - a +0 leather armour (worn)
Jewellery
 f - an amulet of the acrobat (around neck)
Potions
 i - a potion of curing {unknown}
Comestibles
 c - a ration


   Skills:
 + Level 3.0 Fighting
 * Level 2.0 Long Blades
 + Level 0.2 Throwing
 + Level 1.9 Armour
 + Level 1.1 Dodging
 + Level 0.3 Unarmed Combat
 + Level 2.6 Invocations


You had one spell level left.
You didn't know any spells.
Your spell library was empty.

Dungeon Overview and Level Annotations

Branches:
Dungeon (1/15)

Altars:


Innate Abilities, Weirdness & Mutations

You are partially covered in rugged brown scales. (AC +1, +3% HP)


Message History

You hit the rat but do no damage. The rat barely misses you.
You riposte.
You slash the rat!
You kill the rat!
Lugonu accepts your kill.
You hit the jackal.
You kill the jackal!
Lugonu accepts your kill.
You hit the worm.
The worm is lightly wounded.
You barely miss the worm.
The worm is lightly wounded.
The jackal stops to sniff the ground.
You hit the giant cockroach.
The giant cockroach is moderately wounded.
The giant cockroach completely misses you.
You riposte.
You hit the giant cockroach.
You kill the giant cockroach!
Lugonu accepts your kill. The worm bites you!
You die...

###+#######+###
#..⌠...>...⌠..#
#......<......#
+⌠....###....⌠+
#.....w@......#
#######†#######
#.....Jhw....
#......JJr....
#.............#
###############


You could see 2 worms, 3 oozes, a jackal and a rat.

Vanquished Creatures
  2 oozes (D:1)
  2 giant cockroaches (D:1)
  A jackal (D:1)
  A rat (D:1)
6 creatures vanquished.

Notes
Turn   | Place    | Note
-------+----------+-------------------------------------------
     0 | Abyss:1  | Mithandil the Demonspawn Abyssal Knight began the quest for
                  | the Orb.
     0 | Abyss:1  | Reached XP level 1. HP: 18/18 MP: 2/2
    29 | Abyss:1  | Found a corrupted altar of Lugonu.
    46 | Abyss:2  | Found a corrupted altar of Lugonu.
    79 | Abyss:2  | Noticed a small abomination
    80 | D:1      | Escaped the Abyss
    83 | D:1      | Found a runed translucent door.
   109 | D:1      | Reached skill level 1 in Dodging
   112 | D:1      | Gained mutation: You are partially covered in rugged brown
                  | scales. (AC +1, +3% HP) [demonic ancestry]
   112 | D:1      | Reached XP level 2. HP: 7/24 MP: 3/3
   117 | D:1      | Slain by a worm

Levels and vault maps discovered:
D:1:      dpeg_arrival_caged_fury, layout_rooms, st_stairs_12

Skill      XL: |  1 |
---------------+----+-----
Dodging        | 1 |  1.1
Long Blades    | 2 |  2.0
Fighting       | |  3.0
Throwing       | |  0.2
Armour         | |  1.9
Unarmed Combat | |  0.3
Invocations    | |  2.6

Action                   || total
-------------------------++-------
Melee: Falchion          ||    17
Invok: Depart the Abyss  ||     1
Armor: Leather armour    ||     3
Dodge: Dodged            ||     7
       Rpst.: Falchion   ||     3

Table legend:
 A = Non-vault XP
 B = Vault XP
 C = Vault XP percentage of total XP
 D = Non-vault monster count
 E = Vault monster count
 F = Vault count percentage of total count
                 A         B        C        D         E       F
            +---------+---------+-------+---------+---------+-------
      Total |       0 |      21 | 100.0 |       0 |       6 | 100.0
            +---------+---------+-------+---------+---------+-------
        D:1 |       0 |      21 | 100.0 |       0 |       6 | 100.0
            +---------+---------+-------+---------+---------+-------
